[Event "ICC tourney 2248 (120 10)"]
[Site "Internet Chess Club"]
[Date "2020.12.26"]
[Round "1"]
[White "greenphantom"]
[Black "ToughTurtle"]
[Result "0-1"]
[ICCResult "White checkmated"]
[WhiteElo "1730"]
[BlackElo "1476"]
[Opening "KP: Indian opening"]
[ECO "C20"]
[NIC "KP.10"]
[Time "12:06:51"]
[PlyCount "64"]
[TimeControl "7200+10"]

1. e4 e5 2. d3 Nf6 3. f4 d6 4. Nc3 c6 5. Nf3 Qc7 6. fxe5 dxe5 7. Bg5 h6 8.
Bxf6 gxf6 9. d4 Bg4 10. dxe5 fxe5 11. h3 Bh5 12. g4 Bg6 13. Nh4 Bc5 14. Bc4
Qb6 15. Nxg6 fxg6 16. Rf1 Nd7 17. Bf7+ Ke7 18. Na4 Qb4+ 19. c3 Qxe4+ 20.
Kd2 Rad8 21. Bd5 Qxd5+ 22. Kc2 Qe4+ 23. Kb3 Nb6 24. Qxd8+ Rxd8 25. Nxc5
Qc4+ 26. Kc2 Qxc5 27. Rae1 Nc4 28. Rf3 Rd2+ 29. Kc1 Rxb2 30. Re4 Qg1+ 31.
Rf1 Qxf1+ 32. Re1 Qxe1# { White checkmated } 0-1

[Event "ICC tourney 2248 (120 10)"]
[Site "Internet Chess Club"]
[Date "2020.12.26"]
[Round "1"]
[White "JaredMWeiss"]
[Black "MYMChessWyatt"]
[Result "1-0"]
[ICCResult "Black checkmated"]
[WhiteElo "1670"]
[BlackElo "1232"]
[Opening "Sicilian: Alapin's variation (2.c3)"]
[ECO "B22"]
[NIC "SI.46"]
[Time "12:04:20"]
[PlyCount "111"]
[TimeControl "7200+10"]

1. e4 c5 2. c3 e6 3. d4 d5 4. exd5 exd5 5. Nf3 Nf6 6. Be2 Be7 7. O-O O-O 8.
Bf4 Nc6 9. h3 Re8 10. Nbd2 Ne4 11. Bb5 Bd7 12. Bd3 f5 13. Ne5 Nxe5 14. Bxe5
Bf6 15. f4 Bxe5 16. dxe5 c4 17. Bc2 Qb6+ 18. Kh2 Qe3 19. Nxe4 fxe4 20.
Qxd5+ Be6 21. Qxe4 Qxe4 22. Bxe4 Rad8 23. Rad1 Rc8 24. f5 Bf7 25. e6 Bh5
26. g4 Bf7 27. exf7+ Kxf7 28. Bxb7 Re2+ 29. Kg3 Rc7 30. Bd5+ Kf8 31. Rf2
Re3+ 32. Bf3 Ke7 33. Rd4 Kf6 34. Re4 Rxe4 35. Bxe4 Re7 36. Kf4 g6 37. g5+
Kf7 38. Bd5+ Kf8 39. f6 Rb7 40. Bxc4 Rc7 41. b3 a5 42. Re2 a4 43. Re5 axb3
44. axb3 Rd7 45. Ra5 Rd8 46. Ra7 Re8 47. Rxh7 Re4+ 48. Kxe4 Ke8 49. Rg7 Kf8
50. Rxg6 Ke8 51. Rg7 Kf8 52. h4 Ke8 53. h5 Kf8 54. h6 Ke8 55. h7 Kf8 56.
h8=Q# { Black checkmated } 1-0

[Event "ICC tourney 2248 (120 10)"]
[Site "Internet Chess Club"]
[Date "2020.12.26"]
[Round "1"]
[White "salamenceg"]
[Black "wahoo"]
[Result "0-1"]
[ICCResult "White checkmated"]
[WhiteElo "1080"]
[BlackElo "1661"]
[Opening "Ruy Lopez: closed, 7...O-O"]
[ECO "C88"]
[NIC "RL.17"]
[Time "12:04:23"]
[PlyCount "92"]
[TimeControl "7200+10"]

1. e4 e5 2. Nf3 Nc6 3. Bb5 a6 4. Ba4 Be7 5. O-O b5 6. Bb3 Nf6 7. Re1 O-O 8.
d3 d6 9. h3 Bb7 10. c3 Qd7 11. d4 exd4 12. cxd4 Na5 13. d5 Nxb3 14. Qxb3 c6
15. Nc3 cxd5 16. exd5 h6 17. Be3 Rfe8 18. Rad1 Bd8 19. Bd2 Bb6 20. Rxe8+
Rxe8 21. Re1 Rxe1+ 22. Nxe1 Qf5 23. Qb4 Qxf2+ 24. Kh2 Qxd2 25. Nf3 Nxd5 26.
Qxd6 Qf4+ 27. Qxf4 Nxf4 28. g3 Bxf3 29. gxf4 Bd4 30. Kg3 Bxc3 31. bxc3 Bd5
32. a3 Kf8 33. Kh4 Ke7 34. f5 Kf6 35. Kg4 Bb3 36. Kf4 Bc2 37. c4 bxc4 38.
a4 Bxf5 39. a5 Bxh3 40. Kg3 c3 41. Kf2 c2 42. Ke2 c1=Q 43. Kf3 Bg4+ 44. Kg3
Qe3+ 45. Kh2 Qf2+ 46. Kh1 Bf3# { White checkmated } 0-1

[Event "ICC tourney 2248 (120 10)"]
[Site "Internet Chess Club"]
[Date "2020.12.26"]
[Round "1"]
[White "kirikiri007"]
[Black "local0928"]
[Result "1-0"]
[ICCResult "Black checkmated"]
[WhiteElo "1564"]
[BlackElo "1785"]
[Opening "Giuoco Piano"]
[ECO "C54"]
[NIC "IG.02"]
[Time "12:04:47"]
[PlyCount "117"]
[TimeControl "7200+10"]

1. e4 e5 2. Nf3 Nc6 3. Bc4 Bc5 4. c3 Nf6 5. d4 exd4 6. cxd4 Bb4+ 7. Bd2
Nxe4 8. Bxb4 Nxb4 9. Bxf7+ Kxf7 10. Qb3+ d5 11. Ne5+ Ke6 12. Qxb4 Qh4 13.
O-O a5 14. Qb5 Qf4 15. Nc3 c6 16. Nxc6 Nxc3 17. bxc3 Bd7 18. Qxb7 Kd6 19.
Ne5 Qf5 20. Qxd7+ Qxd7 21. Nxd7 Kxd7 22. Rfe1 Rhe8 23. Rxe8 Rxe8 24. Kf1
Kc6 25. Re1 Rb8 26. f3 Rb2 27. Re2 Rb1+ 28. Kf2 Kd6 29. Ke3 a4 30. Kd3 a3
31. c4 Rd1+ 32. Kc2 Rxd4 33. cxd5 Rxd5 34. Rd2 Kc5 35. Rxd5+ Kxd5 36. Kb3
Kd4 37. Kxa3 Kc3 38. f4 g6 39. h4 h5 40. g3 Kc4 41. Kb2 Kb4 42. a3+ Ka4 43.
Ka2 Ka5 44. Kb3 Kb5 45. a4+ Ka5 46. Ka3 Ka6 47. Kb4 Kb6 48. a5+ Ka6 49. Ka4
Ka7 50. Kb5 Kb7 51. a6+ Ka7 52. Ka5 Ka8 53. Kb6 Kb8 54. a7+ Ka8 55. Ka6 g5
56. hxg5 h4 57. g6 h3 58. g7 h2 59. g8=Q# { Black checkmated } 1-0

[Event "ICC tourney 2248 (120 10)"]
[Site "Internet Chess Club"]
[Date "2020.12.26"]
[Round "1"]
[White "hello12"]
[Black "kittycat35"]
[Result "0-1"]
[ICCResult "White resigns"]
[WhiteElo "1475"]
[BlackElo "1724"]
[Opening "Scotch: Schmidt variation"]
[ECO "C45"]
[NIC "SO.04"]
[Time "12:04:43"]
[PlyCount "56"]
[TimeControl "7200+10"]

1. e4 e5 2. Nf3 Nc6 3. d4 exd4 4. Nxd4 Nf6 5. Nc3 Bb4 6. Nxc6 Bxc3+ 7. bxc3
bxc6 8. Bd3 d6 9. O-O O-O 10. Bg5 h6 11. Bh4 g5 12. Bg3 Re8 13. Re1 Nd7 14.
Qh5 Qf6 15. h4 Ne5 16. hxg5 hxg5 17. Bxe5 Rxe5 18. Re3 g4 19. Qh2 Qg6 20.
Kf1 Rh5 21. Qg3 Rh1+ 22. Ke2 Rxa1 23. e5 Bf5 24. Bxf5 Qxf5 25. Rf3 Qxc2+
26. Ke3 Re1+ 27. Kf4 Qe4+ 28. Kg5 Qg6+ { White resigns } 0-1

[Event "ICC tourney 2248 (120 10)"]
[Site "Internet Chess Club"]
[Date "2020.12.26"]
[Round "1"]
[White "mnm1"]
[Black "evg1234567"]
[Result "1-0"]
[ICCResult "Black checkmated"]
[WhiteElo "1460"]
[BlackElo "1716"]
[Opening "Sicilian: Prins (Moscow) variation"]
[ECO "B55"]
[NIC "SI.01"]
[Time "12:04:30"]
[PlyCount "119"]
[TimeControl "7200+10"]

1. e4 c5 2. Nf3 d6 3. d4 cxd4 4. Nxd4 Nf6 5. f3 g6 6. c4 Bg7 7. Nc3 Nc6 8.
Be3 Bd7 9. Be2 Rc8 10. Rc1 O-O 11. O-O Ne5 12. Nd5 Nc6 13. Qd2 Nxd4 14.
Bxd4 Nxd5 15. cxd5 Bxd4+ 16. Qxd4 Qa5 17. a3 a6 18. Kh1 Rc7 19. b4 Rfc8 20.
bxa5 Rxc1 21. Rg1 R1c2 22. Bd3 Rd2 23. Qe3 Ra2 24. Rc1 Rxa3 25. Rxc8+ Bxc8
26. Qc1 Rxd3 27. Qxc8+ Kg7 28. h3 Ra3 29. Qxb7 Rxa5 30. Qxe7 Ra2 31. Qxd6
a5 32. Qc5 a4 33. d6 a3 34. d7 Ra1+ 35. Kh2 Rd1 36. Qxa3 Rxd7 37. Qc3+ f6
38. e5 fxe5 39. Qxe5+ Kf8 40. Qe6 Rf7 41. Kg3 Kg7 42. Kg4 Rf5 43. Qxf5
gxf5+ 44. Kxf5 h6 45. Ke6 Kg6 46. f4 h5 47. f5+ Kg5 48. f6 Kh4 49. f7 Kg3
50. f8=Q Kxg2 51. Qh6 Kxh3 52. Qxh5+ Kg3 53. Qf5 Kh4 54. Qg6 Kh3 55. Qg5
Kh2 56. Qg4 Kh1 57. Kf5 Kh2 58. Kf4 Kh1 59. Kf3 Kh2 60. Qg2# { Black
checkmated } 1-0

[Event "ICC tourney 2248 (120 10)"]
[Site "Internet Chess Club"]
[Date "2020.12.26"]
[Round "1"]
[White "Knightboy123"]
[Black "MathMonkey"]
[Result "1-0"]
[ICCResult "Black checkmated"]
[WhiteElo "1661"]
[BlackElo "1187"]
[Opening "Queen's pawn: London system"]
[ECO "A45"]
[NIC "QP.07"]
[Time "12:04:41"]
[PlyCount "111"]
[TimeControl "7200+10"]

1. d4 Nf6 2. Bf4 g6 3. e3 d5 4. Nf3 Bg7 5. Be2 O-O 6. c3 c5 7. h3 c4 8.
Nbd2 Bf5 9. g4 Be4 10. Nxe4 Nxe4 11. Qc2 Nc6 12. Bxc4 Nxf2 13. Kxf2 dxc4
14. Qe2 b5 15. a4 a6 16. axb5 axb5 17. b3 Rxa1 18. Rxa1 Na5 19. Nd2 e5 20.
dxe5 Nxb3 21. Nxb3 cxb3 22. Qd1 b2 23. Rb1 Qh4+ 24. Kg2 Rd8 25. Qe2 h5 26.
Rxb2 hxg4 27. hxg4 Bh6 28. Rxb5 Bxf4 29. exf4 Kg7 30. e6 Rh8 31. Qe5+ Qf6
32. Qxf6+ Kxf6 33. exf7 Kxf7 34. Rb7+ Kf6 35. Rc7 Rd8 36. c4 Rd4 37. Kf3
Rd3+ 38. Ke4 Rd8 39. c5 Ke6 40. g5 Rd1 41. Rc6+ Kf7 42. Rf6+ Kg7 43. c6 Rc1
44. Kd5 Rd1+ 45. Ke6 Re1+ 46. Kd7 Rd1+ 47. Rd6 Rc1 48. c7 Kf7 49. c8=Q Rxc8
50. Kxc8 Kg7 51. Rf6 Kh7 52. Kd7 Kg7 53. Ke7 Kh7 54. Kf7 Kh8 55. Rxg6 Kh7
56. Rh6# { Black checkmated } 1-0

[Event "ICC tourney 2248 (120 10)"]
[Site "Internet Chess Club"]
[Date "2020.12.26"]
[Round "1"]
[White "IveDoneEnough"]
[Black "gardemarin13"]
[Result "0-1"]
[ICCResult "White resigns"]
[WhiteElo "1645"]
[BlackElo "1894"]
[Opening "Sicilian: accelerated fianchetto, Maróczy bind"]
[ECO "B36"]
[NIC "SI.33"]
[Time "12:04:24"]
[PlyCount "40"]
[TimeControl "7200+10"]

1. e4 c5 2. Nf3 g6 3. d4 cxd4 4. Nxd4 Nc6 5. c4 Nf6 6. Nc3 d6 7. Be3 Ng4 8.
Bg5 Qb6 9. Nce2 Bg7 10. h3 Nxf2 11. Kxf2 Nxd4 12. Be3 e5 13. Bxd4 exd4 14.
Qb3 Qd8 15. Qd3 O-O 16. Rd1 f5 17. Kg1 fxe4 18. Qxe4 Qf6 19. Qxd4 Qe7 20.
Qxd6 Qe3+ { White resigns } 0-1

[Event "ICC tourney 2248 (120 10)"]
[Site "Internet Chess Club"]
[Date "2020.12.26"]
[Round "1"]
[White "gmcarebear999"]
[Black "NL008"]
[Result "0-1"]
[ICCResult "White checkmated"]
[WhiteElo "1752"]
[BlackElo "1534"]
[Opening "QGD"]
[ECO "D30"]
[NIC "QO.14"]
[Time "12:04:53"]
[PlyCount "140"]
[TimeControl "7200+10"]

1. d4 d5 2. c4 e6 3. Nf3 Nf6 4. Bg5 Be7 5. e3 h6 6. Bxf6 Bxf6 7. Nc3 O-O 8.
cxd5 exd5 9. Bd3 c6 10. O-O Bg4 11. h3 Bh5 12. Rb1 Nd7 13. b4 b5 14. a4 a6
15. a5 Be7 16. Bf5 Nf6 17. g4 Bg6 18. Bxg6 fxg6 19. Ne5 Kh7 20. Qd3 Qe8 21.
Ne2 Bd6 22. Nf4 Bxe5 23. dxe5 Nd7 24. e6 Ne5 25. Qc2 Rf6 26. Qc3 Nf3+ 27.
Kg2 Nh4+ 28. Kh2 g5 29. Ne2 Qxe6 30. Qc2+ Kh8 31. Ng3 Qd6 32. Rb2 Raf8 33.
Qc3 Rf3 34. Qc5 Qb8 35. Qc1 Qxg3+ 36. fxg3 Rxf1 37. Qxf1 Rxf1 38. gxh4 gxh4
39. Rc2 Rf6 40. Kg2 Kg8 41. Rf2 Rxf2+ 42. Kxf2 Kf7 43. Ke2 Ke6 44. Kd2 Ke5
45. Kd3 g6 46. Ke2 Ke4 47. Kd2 Kf3 48. Kd3 Kg3 49. Kd4 Kxh3 50. Kc5 Kh2 51.
Kxc6 Kg1 52. Kb6 h3 53. Kxa6 h2 54. Kb6 h1=Q 55. a6 Qe4 56. a7 Qxe3+ 57.
Kb7 Qxa7+ 58. Kxa7 d4 59. Kb6 d3 60. Kxb5 d2 61. Ka6 d1=Q 62. b5 Qd8 63. b6
Qb8 64. b7 Kf2 65. Kb6 Ke3 66. Kc6 Kd4 67. g5 hxg5 68. Kb5 Qxb7+ 69. Ka4
Kc4 70. Ka5 Qb5# { White checkmated } 0-1

[Event "ICC tourney 2248 (120 10)"]
[Site "Internet Chess Club"]
[Date "2020.12.26"]
[Round "1"]
[White "minitotoro"]
[Black "rohu333"]
[Result "1-0"]
[ICCResult "Black resigns"]
[WhiteElo "1563"]
[BlackElo "1766"]
[Opening "King's Indian: fianchetto without c4"]
[ECO "A49"]
[NIC "KI.68"]
[Time "12:04:50"]
[PlyCount "69"]
[TimeControl "7200+10"]

1. d4 Nf6 2. Nf3 g6 3. g3 Bg7 4. Bg2 O-O 5. O-O d6 6. c4 c5 7. dxc5 dxc5 8.
Nc3 Nc6 9. Be3 Be6 10. Qa4 Qb6 11. Qb5 Nd7 12. Na4 Qxb5 13. cxb5 Nd4 14.
Bxd4 cxd4 15. Rfd1 Bc4 16. Nxd4 e5 17. Nb3 Bxe2 18. Rxd7 Bxb5 19. Rxb7 Bxa4
20. Rb4 Bd7 21. Bxa8 Rxa8 22. Rd1 Be6 23. a3 Rc8 24. Na5 h5 25. Rb7 Bg4 26.
Re1 e4 27. Rxa7 Bxb2 28. Rxe4 Rc2 29. Nb3 Rc3 30. Re3 Rc2 31. a4 Kg7 32. a5
Bh3 33. Rae7 Bc3 34. a6 Rb2 35. Rxc3 { Black resigns } 1-0

[Event "ICC tourney 2248 (120 10)"]
[Site "Internet Chess Club"]
[Date "2020.12.26"]
[Round "1"]
[White "Draconian"]
[Black "FantasyHockeyEx"]
[Result "1-0"]
[ICCResult "Black resigns"]
[WhiteElo "1570"]
[BlackElo "1794"]
[Opening "Sicilian defense"]
[ECO "B40"]
[NIC "SI.43"]
[Time "12:04:51"]
[PlyCount "75"]
[TimeControl "7200+10"]

1. e4 c5 2. Nf3 e6 3. Nc3 d5 4. d4 cxd4 5. Qxd4 Nc6 6. Bb5 Nf6 7. exd5 exd5
8. Bg5 Be7 9. O-O-O O-O 10. Qa4 Be6 11. Bxc6 bxc6 12. Ne5 c5 13. Nc6 Qd7
14. Nxd5 Bxd5 15. Rxd5 Qc7 16. Re5 Bd6 17. Bxf6 gxf6 18. Rh5 Bf4+ 19. Kb1
Bg5 20. Qe4 h6 21. h4 Rfe8 22. Ne7+ Qxe7 23. Qxe7 Rxe7 24. hxg5 Rae8 25. b3
Re1+ 26. Kb2 Rxh1 27. Rxh1 hxg5 28. Rh2 Re2 29. g3 g4 30. Kc3 Re4 31. Rh5
Re2 32. Rf5 Kg7 33. Kd3 Re5 34. Rxe5 fxe5 35. Kc4 f5 36. Kxc5 f4 37. Kd5
Kf6 38. Ke4 { Black resigns } 1-0

[Event "ICC tourney 2248 (120 10)"]
[Site "Internet Chess Club"]
[Date "2020.12.26"]
[Round "1"]
[White "chessmaster0981"]
[Black "Pugnacious"]
[Result "0-1"]
[ICCResult "White resigns"]
[WhiteElo "1557"]
[BlackElo "1760"]
[Opening "Queen's pawn game, Rubinstein (Colle-Zukertort) variation"]
[ECO "D05"]
[NIC "QP.08"]
[Time "12:04:35"]
[PlyCount "90"]
[TimeControl "7200+10"]

1. d4 d5 2. Nf3 Nf6 3. e3 e6 4. Bd3 c5 5. b3 Be7 6. Bb2 Nc6 7. a3 b6 8.
Nbd2 Bb7 9. O-O O-O 10. Ne5 Nd7 11. f4 f6 12. Qh5 f5 13. Rf3 Nf6 14. Qh3
Ne4 15. Rd1 Rf6 16. g3 Rc8 17. dxc5 Rh6 18. Nxc6 Rxc6 19. Qg2 Nxd2 20. Rxd2
bxc5 21. c4 dxc4 22. Bxc4 Rd6 23. Rxd6 Qxd6 24. Qe2 Bxf3 25. Qxf3 Qd2 26.
Qg2 Qxe3+ 27. Kf1 Qe4 28. Qxe4 fxe4 29. Kg2 Kf7 30. f5 Kf8 31. Bxe6 e3 32.
Bc1 Bg5 33. Bb2 e2 34. Kf2 Rxh2+ 35. Ke1 Rh1+ 36. Kxe2 Rh2+ 37. Kf3 Rxb2
38. Kg4 Bf6 39. Kh5 a5 40. g4 Ke7 41. g5 Rh2+ 42. Kg4 Rg2+ 43. Kh5 Rxg5+
44. Kh4 Rxf5+ 45. Kg4 Kxe6 { White resigns } 0-1

[Event "ICC tourney 2248 (120 10)"]
[Site "Internet Chess Club"]
[Date "2020.12.26"]
[Round "1"]
[White "AngelaIL203"]
[Black "abelMZ084"]
[Result "0-1"]
[ICCResult "White checkmated"]
[WhiteElo "1193"]
[BlackElo "1667"]
[Opening "Giuoco Piano"]
[ECO "C50"]
[NIC "IG.02"]
[Time "12:04:47"]
[PlyCount "64"]
[TimeControl "7200+10"]

1. e4 e5 2. Nf3 Nc6 3. Bc4 Bc5 4. O-O Nf6 5. Nc3 d6 6. h3 h6 7. d3 Be6 8.
Bb3 Qd7 9. Bxe6 Qxe6 10. Be3 Nd4 11. Bxd4 Bxd4 12. Nxd4 exd4 13. Nb5 Qd7
14. Nxd4 O-O-O 15. b4 g5 16. Nf5 h5 17. c4 Rdg8 18. a4 h4 19. f3 Nh5 20. b5
Ng3 21. Nxg3 hxg3 22. f4 g4 23. a5 gxh3 24. f5 f6 25. b6 a6 26. bxc7 Qxc7
27. c5 dxc5 28. e5 Qxe5 29. gxh3 Rxh3 30. Kg2 Rh2+ 31. Kg1 Qe3+ 32. Rf2
Qxf2# { White checkmated } 0-1

[Event "ICC tourney 2248 (120 10)"]
[Site "Internet Chess Club"]
[Date "2020.12.26"]
[Round "1"]
[White "oregonchessguy"]
[Black "MartyJR"]
[Result "1-0"]
[ICCResult "Black resigns"]
[WhiteElo "1857"]
[BlackElo "1635"]
[Opening "Sicilian: Nimzovich-Rossolimo attack (with ...g6, without ...d6)"]
[ECO "B31"]
[NIC "SI.31"]
[Time "12:05:11"]
[PlyCount "95"]
[TimeControl "7200+10"]

1. e4 c5 2. Nf3 Nc6 3. Bb5 g6 4. O-O Bg7 5. Re1 Nf6 6. Nc3 O-O 7. h3 d6 8.
Bxc6 bxc6 9. d3 Rb8 10. Rb1 Nd7 11. Be3 Ne5 12. Nxe5 Bxe5 13. d4 cxd4 14.
Bxd4 Bxd4 15. Qxd4 Qb6 16. Qd2 Be6 17. b3 Qb4 18. Rbd1 Rfd8 19. Re3 d5 20.
Rd3 Qa5 21. exd5 cxd5 22. Nxd5 Rxd5 23. Rxd5 Qxd5 24. Qxd5 Bxd5 25. Rxd5
Rb7 26. Kf1 Rc7 27. c4 Kg7 28. Ke2 Kf6 29. Ke3 Ke6 30. Kd4 Kf6 31. b4 e6
32. Rd6 Kf5 33. c5 Rb7 34. Kc4 Ke5 35. a4 a5 36. b5 f5 37. b6 h5 38. Kb5
Rb8 39. Kxa5 Rc8 40. Kb5 g5 41. a5 g4 42. hxg4 fxg4 43. a6 h4 44. b7 Rb8
45. Kb6 h3 46. gxh3 gxh3 47. a7 Rh8 48. b8=Q { Black resigns } 1-0

[Event "ICC tourney 2248 (120 10)"]
[Site "Internet Chess Club"]
[Date "2020.12.26"]
[Round "1"]
[White "imnestorg"]
[Black "moneymo"]
[Result "1-0"]
[ICCResult "Black resigns"]
[WhiteElo "1638"]
[BlackElo "1880"]
[Opening "Sicilian: Labourdonnais-Löwenthal variation"]
[ECO "B32"]
[NIC "SI.32"]
[Time "12:04:44"]
[PlyCount "121"]
[TimeControl "7200+10"]

1. e4 c5 2. Nf3 Nc6 3. d4 cxd4 4. Nxd4 e5 5. Nf3 Nf6 6. Bd3 d5 7. exd5 Nxd5
8. O-O Bc5 9. Re1 f6 10. a3 Qb6 11. Re2 Bg4 12. Be4 Nde7 13. b4 Rd8 14. Bd2
Nd4 15. bxc5 Nxe2+ 16. Qxe2 Qxc5 17. Bb4 Qb6 18. h3 Be6 19. Bd3 Nc6 20. Bd2
Qb2 21. Bc3 Qc1+ 22. Qf1 Qh6 23. Nbd2 O-O 24. Rb1 Rd7 25. Ne4 b6 26. Bd2
Qh5 27. Ng3 Qf7 28. Qe2 Rfd8 29. Qe4 g6 30. Qxc6 Bd5 31. Qc3 Qe6 32. Re1
Bxf3 33. gxf3 Qxh3 34. Qc4+ Kg7 35. Qg4 Qxg4 36. fxg4 h6 37. Bc1 Rd4 38. f3
Ra4 39. Kf2 a6 40. Bb2 Ra5 41. Rh1 Rh8 42. Ne4 h5 43. gxh5 gxh5 44. Ng3 h4
45. Nf5+ Kf7 46. Rxh4 Rxh4 47. Nxh4 Rc5 48. Nf5 b5 49. Ke3 Ke6 50. Be4 a5
51. Kd3 Rc8 52. Bc3 Rd8+ 53. Ke3 a4 54. Bb4 Rd1 55. Ne7 Rb1 56. Nc6 f5 57.
Bd3 Kd5 58. Na7 Rxb4 59. axb4 a3 60. Nxb5 a2 61. Nc3+ { Black resigns } 1-0

[Event "ICC tourney 2248 (120 10)"]
[Site "Internet Chess Club"]
[Date "2020.12.26"]
[Round "1"]
[White "jackl514"]
[Black "playerlucky"]
[Result "0-1"]
[ICCResult "White resigns"]
[WhiteElo "1580"]
[BlackElo "1802"]
[Opening "French: Tarrasch, closed variation"]
[ECO "C05"]
[NIC "FR.17"]
[Time "12:04:22"]
[PlyCount "118"]
[TimeControl "7200+10"]

1. e4 e6 2. d4 d5 3. Nd2 Nf6 4. e5 Nfd7 5. Bd3 c5 6. c3 Nc6 7. Ngf3 cxd4 8.
cxd4 f6 9. exf6 Nxf6 10. O-O Bd6 11. Re1 O-O 12. Nb3 Qc7 13. Bg5 e5 14.
dxe5 Nxe5 15. Rc1 Qb8 16. Bb1 Nxf3+ 17. Qxf3 Bxh2+ 18. Kf1 Ne4 19. Bxe4
dxe4 20. Qxe4 Bf5 21. Qd5+ Kh8 22. Nc5 Bf4 23. Bxf4 Qxf4 24. f3 b6 25. Ne6
Bxe6 26. Qxe6 h6 27. Qe4 Qf6 28. Qe5 Qf7 29. Rc7 Qg6 30. Qc3 Rf7 31. Qc6
Qd3+ 32. Kg1 Qd4+ 33. Kf1 Rxc7 34. Qxa8+ Kh7 35. Qe4+ Qxe4 36. Rxe4 Rc2 37.
Rb4 Kg6 38. Kg1 Kf5 39. Kh2 Ke5 40. Kh3 Kd5 41. Ra4 a5 42. b3 Rd2 43. g4
Rd4 44. Kh4 Rxa4 45. bxa4 Kd4 46. g5 Ke3 47. gxh6 gxh6 48. Kg3 h5 49. f4
Ke4 50. a3 Kf5 51. Kh4 Kxf4 52. Kxh5 Ke4 53. Kg6 Kd4 54. Kf6 Kc3 55. Ke5
Kb3 56. Kd5 Kxa3 57. Kc6 Kxa4 58. Kxb6 Kb4 59. Kc6 a4 { White resigns } 0-1

[Event "ICC tourney 2248 (120 10)"]
[Site "Internet Chess Club"]
[Date "2020.12.26"]
[Round "1"]
[White "cruiseship"]
[Black "che2468"]
[Result "1-0"]
[ICCResult "Black checkmated"]
[WhiteElo "1716"]
[BlackElo "1464"]
[Opening "Sicilian: Richter-Rauzer"]
[ECO "B60"]
[NIC "SI.27"]
[Time "12:04:58"]
[PlyCount "81"]
[TimeControl "7200+10"]

1. e4 c5 2. Nf3 d6 3. d4 cxd4 4. Nxd4 Nf6 5. Nc3 Nc6 6. Bg5 h6 7. Bh4 g5 8.
Bg3 Bg7 9. Qd2 Qb6 10. Nb3 Nh5 11. O-O-O Nxg3 12. hxg3 a5 13. Nd5 Qd8 14.
a4 Be6 15. Bb5 O-O 16. f4 gxf4 17. gxf4 Bxd5 18. exd5 Na7 19. f5 Nxb5 20.
Rxh6 Na3 21. bxa3 Qc7 22. Rdh1 Rfc8 23. Rh7 Qc3 24. Rxg7+ Qxg7 25. Rh5 f6
26. Nd4 Qg3 27. Rh3 Qg5 28. Re3 Rc4 29. Ne6 Qh4 30. Rh3 Qg4 31. Qd3 Rac8
32. Rg3 Rxc2+ 33. Kb1 Rc1+ 34. Kb2 R8c2+ 35. Kb3 Rc3+ 36. Qxc3 Rxc3+ 37.
Rxc3 Qxf5 38. Rg3+ Kf7 39. Rg7+ Ke8 40. Rg8+ Kd7 41. Rd8# { Black
checkmated } 1-0

[Event "ICC tourney 2248 (120 10)"]
[Site "Internet Chess Club"]
[Date "2020.12.26"]
[Round "1"]
[White "vober6"]
[Black "DrBoler"]
[Result "1-0"]
[ICCResult "Black resigns"]
[WhiteElo "1876"]
[BlackElo "1636"]
[Opening "Caro-Kann: exchange, Rubinstein variation"]
[ECO "B13"]
[NIC "CK.02"]
[Time "12:04:27"]
[PlyCount "55"]
[TimeControl "7200+10"]

1. e4 c6 2. d4 d5 3. exd5 cxd5 4. Bd3 Nc6 5. c3 Nf6 6. Bf4 e6 7. Nf3 Be7 8.
O-O O-O 9. Qe2 Re8 10. Nbd2 b6 11. Bg3 Nh5 12. Ne5 Nxg3 13. fxg3 Nxe5 14.
dxe5 Bc5+ 15. Kh1 Qg5 16. Rf4 Bb7 17. b4 Bf8 18. Raf1 g6 19. Rxf7 Bh6 20.
Nf3 Qd8 21. Rxb7 Re7 22. Rxe7 Qxe7 23. Nd4 Rc8 24. Qe1 Rf8 25. Rxf8+ Kxf8
26. Qf2+ Ke8 27. Bb5+ Kd8 28. Nc6+ { Black resigns } 1-0

[Event "ICC tourney 2248 (120 10)"]
[Site "Internet Chess Club"]
[Date "2020.12.26"]
[Round "1"]
[White "che8642"]
[Black "Cooliguess"]
[Result "1/2-1/2"]
[ICCResult "Game drawn by mutual agreement"]
[WhiteElo "1532"]
[BlackElo "1750"]
[Opening "Queen's pawn: Chigorin variation"]
[ECO "D00"]
[NIC "QP.08"]
[Time "12:04:48"]
[PlyCount "66"]
[TimeControl "7200+10"]

1. d4 d5 2. Nc3 Nf6 3. Bf4 e6 4. a3 Be7 5. e3 O-O 6. Nf3 c5 7. Bd3 Nc6 8.
h3 c4 9. Be2 Bd6 10. Bxd6 Qxd6 11. O-O Rb8 12. b3 b5 13. b4 a5 14. bxa5 Ba6
15. Qd2 h6 16. Rfb1 Qc7 17. Na2 Ne4 18. Qe1 Qxa5 19. Nb4 Nxb4 20. axb4 Qb6
21. Ra3 f6 22. Rba1 Bb7 23. Nd2 Nd6 24. Nf3 Ra8 25. c3 Rxa3 26. Rxa3 Ra8
27. Qa1 Rxa3 28. Qxa3 Qa6 29. Qxa6 Bxa6 30. Nd2 Bb7 31. g4 g5 32. f4 Kg7
33. Bf3 Kg6 { Game drawn by mutual agreement } 1/2-1/2

[Event "ICC tourney 2248 (120 10)"]
[Site "Internet Chess Club"]
[Date "2020.12.26"]
[Round "1"]
[White "mnm2"]
[Black "joeandjoe56"]
[Result "0-1"]
[ICCResult "White resigns"]
[WhiteElo "1510"]
[BlackElo "1744"]
[Opening "Scotch game"]
[ECO "C45"]
[NIC "SO.05"]
[Time "12:04:30"]
[PlyCount "50"]
[TimeControl "7200+10"]

1. e4 e5 2. Nf3 Nc6 3. d4 exd4 4. Nxd4 Bc5 5. Be3 Qf6 6. c3 Nge7 7. Bc4 O-O
8. O-O Ne5 9. Bb3 d5 10. exd5 Rd8 11. c4 Ng4 12. Nc3 Qh4 13. h3 Nxe3 14.
fxe3 Bxh3 15. gxh3 Qg3+ 16. Kh1 Qxh3+ 17. Kg1 Qg3+ 18. Kh1 Rd6 19. Qh5 Qxe3
20. Qxf7+ Kh8 21. Rf3 Rh6+ 22. Kg2 Qxd4 23. Re1 Qh4 24. Kf1 Ng8 25. Qxc7
Qh1+ { White resigns } 0-1

[Event "ICC tourney 2248 (120 10)"]
[Site "Internet Chess Club"]
[Date "2020.12.26"]
[Round "1"]
[White "muzikmixer"]
[Black "ybabji"]
[Result "0-1"]
[ICCResult "White resigns"]
[WhiteElo "1633"]
[BlackElo "1854"]
[Opening "English: Neo-Catalan declined"]
[ECO "A14"]
[NIC "RE.11"]
[Time "12:04:27"]
[PlyCount "90"]
[TimeControl "7200+10"]

1. Nf3 d5 2. c4 e6 3. g3 Nf6 4. Bg2 Be7 5. O-O O-O 6. Qc2 Bd7 7. cxd5 exd5
8. d3 Bc6 9. Be3 Nbd7 10. Nd4 Nb8 11. Nf5 Re8 12. Nxe7+ Qxe7 13. Nc3 Rd8
14. Bd4 Nbd7 15. Rab1 Qb4 16. e3 Qd6 17. b4 a6 18. b5 axb5 19. Nxb5 Bxb5
20. Rxb5 b6 21. Rc1 c5 22. Bxf6 Nxf6 23. Rcb1 Ra6 24. Qb3 Rb8 25. a4 Kf8
26. a5 Nd7 27. Qxd5 Qxd5 28. Bxd5 Rxa5 29. Rxa5 bxa5 30. Ra1 a4 31. Bc6 Nb6
32. Bxa4 Ra8 33. Rc1 Nxa4 34. Kf1 Ke7 35. Rc4 Kd6 36. Rh4 h6 37. Ke2 Nc3+
38. Kd2 Nd5 39. Kc2 Ra2+ 40. Kb3 Rxf2 41. e4 Nf6 42. Kc3 Rf3 43. Kc4 Nd7
44. d4 cxd4 45. Kxd4 Ne5 { White resigns } 0-1

[Event "ICC tourney 2248 (120 10)"]
[Site "Internet Chess Club"]
[Date "2020.12.26"]
[Round "1"]
[White "Nacaroa-Dan"]
[Black "TheChessShark"]
[Result "1/2-1/2"]
[ICCResult "Game drawn by mutual agreement"]
[WhiteElo "1640"]
[BlackElo "1888"]
[Opening "Bishop's opening"]
[ECO "C23"]
[NIC "IG.04"]
[Time "12:04:25"]
[PlyCount "63"]
[TimeControl "7200+10"]

1. e4 e5 2. Bc4 d6 3. Nf3 Be7 4. d4 Nd7 5. dxe5 dxe5 6. O-O Ngf6 7. Nc3 c6
8. a4 O-O 9. Qe2 Qc7 10. Bg5 h6 11. Bh4 Nc5 12. h3 Be6 13. Bxe6 Nxe6 14.
Bg3 Bd6 15. Rfd1 Rad8 16. Rd2 Nh5 17. Bh2 Nhf4 18. Qc4 Qe7 19. Rad1 Bc7 20.
Ne2 Qf6 21. Nxf4 Nxf4 22. Rd7 Rxd7 23. Rxd7 Rd8 24. Rxd8+ Bxd8 25. Bxf4
Qxf4 26. Qd3 Bb6 27. Qd7 Qc1+ 28. Kh2 Qf4+ 29. Kg1 Qxe4 30. Qe8+ Kh7 31.
Qxf7 Qxc2 32. Ng5+ { Game drawn by mutual agreement } 1/2-1/2